[Event "*** Titled Tuesday Blitz"]
[Site "Chess.com"]
[Date "2020.04.07"]
[Round "1"]
[White "Sunnika"]
[Black "Zurability"]
[Result "0-1"]
[WhiteElo "2347"]
[BlackElo "2690"]
[TimeControl "180+1"]
[EndTime "13:08:03 PDT"]
[Termination "Zurability won on time"]

1. d4 Nf6 2. c4 e6 3. g3 d5 4.
Nf3 Bb4+ 5. Bd2 Bxd2+ 6. Qxd2 O-O 7. Bg2 Qe7 8. O-O Rd8 9. cxd5 exd5 10. Nc3 c6 11. Ne5 Bf5 12. e3 c5 13. Rac1 Ne4 14.
Nxe4 dxe4 15. Qc3 cxd4 16. exd4 Nd7 17. Qc7 Qb4 18. Qc4 Qxc4 19. Rxc4 Nb6 20. Rc7 f6 21. Nc4 Nxc4 22. Rxc4 Rd7 23. d5 Re8 24. Rd4 Re5 25. d6 Re6 26. Rfd1 Kf8 27. Bf1 Rd8 28. Bc4 Re5 29. Kf1 Bd7 30. Ke2 Rc8 31. Ke3 f5 32.
Kf4 Rec5 33. Bb3 g6 34. Rd5 Kg7 35. h4 Kf6 36. R1d2 h6 37. Rxc5 Rxc5 38. Ke3 Ke5 39. Rd1 b5 40. Rd2 a5 41. a3 b4 42. axb4 axb4 43.
Rd4 g5 44. hxg5 hxg5 45. Rxb4 Kxd6 46. Kd4 Rc6 47. Rb5 Ra6 48. Rd5+ Ke7 49. Re5+ Kf6 50. Rc5 Rb6 51. Rc3 Rb4+ 52. Bc4 Rxb2 53. Bd5 Rxf2 0-1

[Event "*** Titled Tuesday Blitz"]
[Site "Chess.com"]
[Date "2020.04.07"]
[Round "1"]
[White "ParvizGasimov"]
[Black "LoinOfTheNorth"]
[Result "0-1"]
[WhiteElo "2329"]
[BlackElo "2666"]
[TimeControl "180+1"]
[EndTime "13:08:03 PDT"]
[Termination "LoinOfTheNorth won by resignation"]

1. e4 c6 2. d4 d5 3. exd5 cxd5 4. c4 Nf6 5. Nc3 Nc6 6. Bg5 Be6 7. a3 g6 8. Bxf6 exf6 9. Be2 Bg7 10. Bf3 Ne7 11.
c5 O-O 12. Nge2 f5 13. O-O a6 14. b4 Qc7 15. Qd2 Rad8 16. Rad1 Rfe8 17. Rfe1 Bc8 18. Nf4 Bh6 19. g3 Bxf4 20. Qxf4 Qxf4 21. gxf4 Be6 22.
Na4 Kg7 23. Nb6 Kf6 24. Kg2 h6 25. h4 Nc8 26. Na4 Rg8 27. Nc3 Ne7 28. Re5 g5 29.
hxg5+ hxg5 30. fxg5+ Rxg5+ 31. Kf1 f4 32. Rxg5 Kxg5 33.
a4 Kf6 34. b5 axb5 35. axb5 Ra8 36. Rc1 Ra3 37. Ke2 Rb3 38. Kd2 Rb4 39. Re1 Rxd4+ 40. Kc2 Rc4 41. c6 bxc6 42. b6 d4 43. b7 Rxc3+ 44.
Kd2 Rb3 45. Re4 Rxb7 46. Rxd4 Nd5 47. Bxd5 Bxd5 48. Rxf4+ Ke5 49. Rh4 Kd6 50. Ke3 Kc5 51.
Rh6 Rb3+ 52. Kf4 Rf3+ 53. Kg5 Rxf2 54. Rh4 Kd6 55. Kh6 Ke5 56. Kg7 Rg2+ 57. Kf8 f5 58.
Ke7 Rg7+ 59. Kf8 Kf6 60. Rh6+ Rg6 61. Rh8 Rg8+ 62. Rxg8 Bxg8 63. Kxg8 0-1

[Event "*** Titled Tuesday Blitz"]
[Site "Chess.com"]
[Date "2020.04.07"]
[Round "1"]
[White "picturesquecheck"]
[Black "Bambi2006"]
[Result "1-0"]
[WhiteElo "2142"]
[BlackElo "2505"]
[TimeControl "180+1"]
[EndTime "13:08:03 PDT"]
[Termination "picturesquecheck won by resignation"]

1. e4 c5 2. Nf3 Nc6 3. d4 cxd4 4.
Nxd4 Nf6 5. Nc3 e5 6. Ndb5 d6 7. Bg5 a6 8. Na3 b5 9. Nd5 Be7 10. Bxf6 Bxf6 11. c3 Bg5 12. Nc2 O-O 13. a4 bxa4 14.
Rxa4 a5 15. Bc4 Be6 16. O-O Qb8 17. b3 Qa7 18. Kh1 Qc5 19. Qd3 g6 20. g3 Bh3 21.
b4 Bxf1 22. Qxf1 Qa7 23. Bb5 Qb7 24. f4 exf4 25. gxf4 Bh6 26. Bxc6 Qa6 27. Qxa6 Rxa6 28. b5 Ra7 29. Nd4 Bg7 30. Kg2 f5 31. exf5 gxf5 32.
Ne6 Rc8 33. Kf3 Kf7 34. Ng5+ Kg6 35. h4 h6 36. Ne6 Bf6 37. Nxf6 Kxf6 38. Nd4 Rg8 39. b6 Ra6 40. b7 Rb8 41. Ra2 a4 42.
Ra3 Rb6 43. Rxa4 Rb1 44. Ra8 R1xb7 45. Bxb7 Rxb7 46. Rf8+ Kg6 47. Rd8 Rb3 48. Rxd6+ Kf7 49. Rc6 Rb5 50. Ke3 Kg7 51. Kd3 Rd5 52. c4 Rd7 53. c5 Rd5 54. Kc4 Rd7 55. Nxf5+ Kf7 56. Nxh6+ Kg7 57. Nf5+ Kf7 58. Nd4 Re7 59. Rd6 Re4 60.
c6 Rxf4 61. c7 Rf1 62. Rc6 Rc1+ 63. Kd5 Rxc6 64. Nxc6 1-0

[Event "*** Titled Tuesday Blitz"]
[Site "Chess.com"]
[Date "2020.04.07"]
[Round "1"]
[White "youngKID"]
[Black "gvanna"]
[Result "0-1"]
[WhiteElo "2817"]
[BlackElo "2458"]
[TimeControl "180+1"]
[EndTime "13:08:05 PDT"]
[Termination "gvanna won on time"]

1. Nf3 c5 2. e4 g6 3. d4 Bg7 4. c4 Nc6 5. d5 Nd4 6. Nc3 d6 7. h3 e5 8. dxe6 fxe6 9. Nxd4 cxd4 10. Nb5 e5 11. Qa4 Ke7 12. Bd2 Bd7 13. Bb4 Bxb5 14. Qxb5 Qb6 15. c5 Qxb5 16. cxd6+ Ke6 17. Bxb5 Nf6 18.
Bc4+ Kd7 19. Bb5+ Ke6 20. Rc1 Rac8 21. Ke2 a6 22. Bc4+ Kd7 23. Kd3 Bh6 24. Rc2 Rhd8 25.
g3 b5 26. Bb3 Rxc2 27. Bxc2 Ne8 28. Bd1 Nxd6 29. Bg4+ Kc6 30. Be6 Kb6 31. a4 a5 32.
Be1 bxa4 33. Bd5 Rf8 34. f4 exf4 35. gxf4 Bxf4 36. Kxd4 Nb5+ 37. Kd3 Be5 38. Bd2 Bxb2 39.
Be3+ Kc7 40. Rb1 a3 0-1

[Event "*** Titled Tuesday Blitz"]
[Site "Chess.com"]
[Date "2020.04.07"]
[Round "1"]
[White "JiangoFett"]
[Black "AndrewMaco"]
[Result "0-1"]
[WhiteElo "2302"]
[BlackElo "2632"]
[TimeControl "180+1"]
[EndTime "13:08:05 PDT"]
[Termination "AndrewMaco won on time"]

1. d4 Nf6 2. c4 e6 3. g3 c5 4. d5 exd5 5. cxd5 d6 6. Nc3 g6 7. Bg2 Bg7 8. Nf3 O-O 9. O-O a6 10. a4 Nbd7 11. Nd2 Re8 12. Re1 Rb8 13. a5 b5 14. axb6 Nxb6 15. Ra2 Nfd7 16. Nb3 Nc4 17. Qc2 Qb6 18. Nd2 Nxd2 19. Qxd2 c4 20. Ra4 Nc5 21.
Rxc4 Nb3 22. Qc2 Nxc1 23. Rxc1 Bd7 24. Na4 Qa5 25. e3 Bb5 26. Rf4 Be5 27. Rh4 Kg7 28. Nc3 Bd7 29. Re4 Rb4 30. Rxb4 Qxb4 31.
Qe2 a5 32. h4 Rb8 33. h5 Qxb2 34.
Qxb2 Rxb2 35. hxg6 hxg6 36. Ne4 f5 37. Rc7 fxe4 38.
Rxd7+ Kf6 39. Bxe4 Rb4 0-1

[Event "*** Titled Tuesday Blitz"]
[Site "Chess.com"]
[Date "2020.04.07"]
[Round "1"]
[White "DrVelja"]
[Black "drinbet"]
[Result "1-0"]
[WhiteElo "2611"]
[BlackElo "2279"]
[TimeControl "180+1"]
[EndTime "13:08:05 PDT"]
[Termination "DrVelja won by checkmate"]

1. e4 e5 2. Nf3 Nc6 3. Bb5 Bc5 4.
O-O Nge7 5. Nxe5 Nxe5 6. d4 c6 7. Be2 Bxd4 8. Qxd4 f6 9. f4 Nf7 10. c4 d6 11. Nc3 O-O 12. f5 Ne5 13. Be3 Qc7 14.
Rad1 Rd8 15. g4 a6 16. g5 c5 17. Qd2 Kh8 18. Kh1 b5 19. Rg1 Bb7 20. gxf6 gxf6 21. Nd5 Bxd5 22. cxd5 Rg8 23. Bh6 Rae8 24. Bh5 Rd8 25.
Qf2 Nc8 26. Qh4 Qe7 27. Bg6 Nb6 28. Rg3 Nbd7 29. Rdg1 Nf8 30. Bh5 Nfd7 31. Bg7+ Rxg7 32.
Rxg7 Qxg7 33. Rxg7 Kxg7 34. Qg3+ Kh8 35. Qa3 Ra8 36.
Qa5 Rg8 37. Be2 b4 38. Qxa6 Rb8 39. Qxd6 Ra8 40. Ba6 Rg8 41. Be2 c4 42. Qc7 h5 43.
h3 h4 44. d6 Rg3 45. Kh2 Re3 46. Bxc4 Rxe4 47. Qd8+ Kg7 48. Qg8+ Kh6 49. Be6 Re2+ 50. Kg1 Nf3+ 51. Kf1 Rd2 52. Qg6# 1-0

[Event "*** Titled Tuesday Blitz"]
[Site "Chess.com"]
[Date "2020.04.07"]
[Round "1"]
[White "Benjoneliere44"]
[Black "Sesleria"]
[Result "1-0"]
[WhiteElo "2513"]
[BlackElo "1958"]
[TimeControl "180+1"]
[EndTime "13:08:05 PDT"]
[Termination "Benjoneliere44 won by resignation"]

1. d4 Nf6 2. Bf4 c5 3. d5 Qb6 4. Nc3 Qxb2 5. Bd2 Qb6 6. e4 e5 7.
f4 d6 8. Nf3 Nbd7 9. Rb1 Qd8 10.
fxe5 Nxe5 11. Nxe5 dxe5 12. Bb5+ Bd7 13. O-O Bd6 14.
Bg5 a6 15. Bxd7+ Qxd7 16. Bxf6 gxf6 17. Rxf6 Rg8 18. Qh5 O-O-O 19. Rbf1 c4 20. Rxf7 Bc5+ 21.
Kh1 Rgf8 22. Rxf8 Rxf8 23. Rxf8+ Bxf8 24. Qxe5 Bd6 25. Qd4 b5 26. e5 Bb4 27. e6 Qd6 28.
Ne2 Bc5 29. Qe4 h5 30. g3 Kc7 31. Kg2 Kb6 32. h4 Ka5 33. Nf4 Kb4 34. Nxh5 Ka3 35. Nf4 Kxa2 36. h5 Qe7 37. h6 Qf6 38. h7 Ka3 39.
Qf3+ Ka4 40. Ne2 Qg7 41. Nc3+ Ka5 42. Ne4 Bb4 43. d6 Qxh7 44. e7 Qg6 45. Qf6 Qxe4+ 46. Kh3 Qh7+ 47. Kg4 Qg8+ 48. Kf5 Qd5+ 49. Kg6 Qg8+ 50.
Kf5 Qd5+ 51. Qe5 Qf7+ 52. Ke4 Qg6+ 53. Kd5 Qf7+ 54. Kc6 Qf3+ 55. Qd5 Qh5 56. Qxh5 1-0

[Event "*** Titled Tuesday Blitz"]
[Site "Chess.com"]
[Date "2020.04.07"]
[Round "1"]
[White "Sadikhov_Ulvi"]
[Black "ahappypawn"]
[Result "1-0"]
[WhiteElo "2723"]
[BlackElo "2372"]
[TimeControl "180+1"]
[EndTime "13:08:06 PDT"]
[Termination "Sadikhov_Ulvi won by resignation"]

1. e4 e5 2. Bc4 Nf6 3. d3 c6 4.
Nf3 d5 5. Bb3 Nbd7 6. Nc3 d4 7.
Ne2 Bd6 8. Ng3 Nc5 9. Bg5 h6 10. Bxf6 Qxf6 11. Nh5 Qg6 12. Ng3 Nxb3 13. axb3 h5 14.
Nh4 Qf6 15. Nf3 h4 16. Nf5 Bxf5 17. exf5 Qxf5 18. h3 g5 19. Qd2 f6 20. O-O-O Kf7 21. Rde1 a5 22. Kb1 Bb4 23. c3 dxc3 24. bxc3 Be7 25.
Re4 Rhd8 26. Rhe1 a4 27. b4 Qe6 28. Qc2 a3 29. Nxg5+ fxg5 30. Rxe5 a2+ 31. Ka1 Qf6 32.
d4 Kf8 33. Rf5 Rd5 34. Rxf6+ Bxf6 35. Qg6 Bg7 36. Qe4 Rd7 37. Re2 Rf7 38. Rxa2 Rxa2+ 39. Kxa2 Rxf2+ 40. Kb3 Bf6 41. Qe6 Rf4 42. Qc8+ Kg7 43.
Qxb7+ Kg6 44. Qxc6 Rf2 45. b5 Rf1 46. b6 Rb1+ 47.
Kc2 Rf1 48. b7 Rf2+ 49. Kb3 Rf1 50. Qe4+ Kg7 51. b8=Q 1-0

[Event "*** Titled Tuesday Blitz"]
[Site "Chess.com"]
[Date "2020.04.07"]
[Round "1"]
[White "ethylalcohol"]
[Black "StoreySniper"]
[Result "0-1"]
[WhiteElo "2116"]
[BlackElo "2527"]
[TimeControl "180+1"]
[EndTime "13:08:07 PDT"]
[Termination "StoreySniper won by checkmate"]

1. d4 g6 2. Nf3 Bg7 3. e4 c5 4. Be3 Nf6 5. Nc3 Qa5 6. Qd2 Nc6 7. O-O-O Ng4 8. Kb1 Nxe3 9. fxe3 d6 10. Bc4 O-O 11.
Rhf1 Qb4 12. Qe2 Bg4 13. h3 Bxf3 14. Rxf3 cxd4 15. Nd5 d3 16. Nxb4 dxe2 17. Bxe2 Nxb4 18. Bc4 Nc6 19. Rg3 Ne5 20. Bb3 b5 21. Rf1 a5 22. a4 bxa4 23. Bxa4 Rab8 24. Ka2 Rb4 25. Bb3 a4 26. Ka3 Rxe4 27. Bxa4 Ra8 28. b3 Nc4+ 29. Ka2 Nd2 30. Rf4 Rxf4 31. exf4 Ne4 32. Re3 Nc3+ 33.
Ka3 Nxa4 34. bxa4 Bd4 35. Rxe7 Bc5+ 36. Kb3 Rb8+ 37. Kc4 Rb4+ 38. Kd5 Rxa4 39. c4 Ra2 40. g4 Kg7 41. f5 Rd2+ 42. Ke4 gxf5+ 43. Kxf5 Rf2+ 44. Kg5 h6+ 45. Kh4 Rf3 46. Rd7 Bf2+ 47. Kh5 Rxh3# 0-1

[Event "*** Titled Tuesday Blitz"]
[Site "Chess.com"]
[Date "2020.04.07"]
[Round "1"]
[White "Mezioudamina88"]
[Black "florianschwabeneder"]
[Result "1-0"]
[WhiteElo "2097"]
[BlackElo "2507"]
[TimeControl "180+1"]
[EndTime "13:08:08 PDT"]
[Termination "Mezioudamina88 won on time"]

1. e4 c5 2. Nc3 Nc6 3. f4 g6 4. Nf3 Bg7 5. Bc4 e6 6. O-O Nge7 7. Qe1 O-O 8. d3 d5 9. Bb3 b5 10. Nxb5 Qb6 11. c4 dxc4 12. dxc4 Na5 13. Ne5 Nxb3 14.
axb3 a6 15. Nc3 Qxb3 16. Qh4 Qb7 17. Rf3 f6 18. Ng4 Nc6 19. Rh3 h5 20. Nf2 f5 21. e5 Nd4 22. Nd3 Qc7 23. Be3 Bb7 24. Qf2 Rfd8 25. Rd1 Rd7 26. Nxc5 Qxc5 27. Bxd4 Qc6 28.
Rg3 Kh7 29. Rg5 Rad8 30. Ne2 Bf8 31. Qg3 Bc5 32. Rxg6 Rxd4 33. Rg7+ Kh8 34. Nxd4 h4 35. Qg6 Qxg2+ 36. Qxg2 Bxg2 37. Rxg2 Bxd4+ 38. Rxd4 Rxd4 39. c5 Rc4 40. Rg6 Rxc5 41. Rxe6 Rc4 42. Rxa6 Rxf4 43.
Rf6 h3 44. e6 Kg7 45. Rf7+ Kg6 46. Rb7 Re4 47. e7 Kg5 48. e8=Q 1-0

[Event "*** Titled Tuesday Blitz"]
[Site "Chess.com"]
[Date "2020.04.07"]
[Round "1"]
[White "Vaathi_Coming"]
[Black "DejanNestor64"]
[Result "1-0"]
[WhiteElo "2849"]
[BlackElo "2444"]
[TimeControl "180+1"]
[EndTime "13:08:09 PDT"]
[Termination "Vaathi_Coming won on time"]

1. Nf3 Nf6 2. g3 e6 3. Bg2 d5 4. O-O Be7 5. d4 O-O 6. c4 c6 7. Nbd2 b6 8. b3 Bb7 9. Bb2 Nbd7 10. Qc2 Rc8 11. Rac1 c5 12. Qb1 Rc7 13. Rfd1 Qa8 14. dxc5 Bxc5 15. cxd5 Bxd5 16. Qa1 Rfc8 17. a3 a5 18. Nc4 Qb7 19. Nh4 Bxg2 20. Nxg2 Bf8 21.
Nf4 a4 22. Nd2 axb3 23. Rxc7 Rxc7 24. Nxb3 Qe4 25. Nd2 Qf5 26. Nf3 h6 27. Kg2 Qe4 28.
Qb1 Qb7 29. Kg1 Ne4 30. Nd3 Nc3 31. Bxc3 Rxc3 32. a4 Rc7 33. Nfe5 Nxe5 34. Nxe5 Be7 35. Qb5 Bf6 36. Qe8+ Kh7 37. Ng4 Rc8 38. Nxf6+ gxf6 39. Qb5 Kg7 40. a5 Rb8 41. Rb1 Qa7 42. axb6 Qb7 43. f3 Rc8 44. Kf2 Rb8 45. Qb3 Rc8 46. Qe3 Rb8 47. Rb4 Qc6 48. Rg4+ 1-0

[Event "*** Titled Tuesday Blitz"]
[Site "Chess.com"]
[Date "2020.04.07"]
[Round "1"]
[White "ajkom197"]
[Black "SavelijTartakover"]
[Result "0-1"]
[WhiteElo "2290"]
[BlackElo "2623"]
[TimeControl "180+1"]
[EndTime "13:08:10 PDT"]
[Termination "SavelijTartakover won by resignation"]

1. c4 c6 2. e4 d5 3. exd5 cxd5 4. d4 Nf6 5. Nc3 Be6 6. Bg5 Nc6 7. Bxf6 exf6 8.
Nf3 Bb4 9. cxd5 Bxd5 10. Be2 O-O 11. O-O Bxf3 12. Bxf3 Nxd4 13. Bxb7 Rb8 14. Bf3 Bd6 15. Rb1 Be5 16. Qd3 Qa5 17. Rfd1 Rfd8 18. Qe4 f5 19. Qe3 g6 20. a3 Nxf3+ 21. Qxf3 Rxd1+ 22. Qxd1 Bxc3 23. bxc3 Rxb1 24. Qxb1 Qxc3 25. a4 Kg7 26. g3 h5 27. h4 f4 28. Kg2 fxg3 29. fxg3 Qc6+ 30. Kh2 Qxa4 31. Qb2+ Kh7 32. Qf6 Qc2+ 33. Kg1 Qf5 34. Qa6 Qf3 35. Kh2 Qf2+ 36. Kh3 Qg1 37. Qb7 Kg7 38. Qe4 Qf1+ 39. Kh2 Qf6 40. Qa4 Qb6 41.
Kg2 a5 42. Qa1+ Kh7 43. Qa2 Qb7+ 44. Kf2 Qa7+ 45. Kg2 a4 46. Qa3 Qa8+ 47. Kh2 Qc6 48. Qa2 Kg7 49. Qb2+ Kg8 50. Qb8+ Kh7 51. Qf4 Qd7 52.
Qf3 Qe7 53. Qa3 Qxa3 0-1

[Event "*** Titled Tuesday Blitz"]
[Site "Chess.com"]
[Date "2020.04.07"]
[Round "1"]
[White "Saloni1299"]
[Black "DanielRensch"]
[Result "1-0"]
[WhiteElo "2168"]
[BlackElo "2521"]
[TimeControl "180+1"]
[EndTime "13:08:10 PDT"]
[Termination "Saloni1299 won by resignation"]

1. e4 c5 2. Nf3 d6 3. d4 cxd4 4. Nxd4 Nf6 5. Nc3 a6 6. Be3 e5 7.
Nb3 Be6 8. f3 Be7 9. Qd2 O-O 10.
O-O-O Qc7 11. Kb1 Rc8 12. g4 b5 13. g5 Nfd7 14. Bd3 Nc5 15. f4 Nxd3 16. Qxd3 Bc4 17. Qd2 Nc6 18. f5 Bf8 19. g6 fxg6 20. fxg6 h6 21. Nd5 Qb7 22. Qf2 Bxd5 23. exd5 Nd8 24. Rdf1 Qe7 25. Rhg1 a5 26. Qf3 a4 27. Bg5 axb3 28. Bxe7 bxc2+ 29. Kc1 Bxe7 30. a3 b4 31. axb4 Ra1+ 32. Kd2 Rxf1 33. Rxf1 c1=Q+ 34. Rxc1 Bg5+ 35. Kd3 Rxc1 36. Qg4 Kf8 37. Qd7 Be7 38. b5 Rd1+ 39.
Kc2 Rxd5 40. b6 Rd4 41. Kc3 Rh4 42. b7 Nxb7 43. Qxb7 Ke8 44. Qc8+ Bd8 45. Qe6+ Be7 46. Qf7+ Kd8 47. Qxg7 Rxh2 48. Qh8+ Kc7 49. g7 Bf6 50.
g8=Q Bxh8 51. Qxh8 Rh4 52. Qg7+ Kb6 53. Qg1+ Rd4 54.
Qh2 Kc6 55. Qxh6 Kd5 56. Qh1+ Kc5 57. Qg1 Kd5 58. Qg2+ Kc5 59. Qf2 Kd5 60. Qf7+ Kc5 61. Qc7+ Kd5 62. Qb7+ Ke6 63. b4 Rd5 64. b5 Rc5+ 65.
Kd3 Rd5+ 66. Ke3 Rd4 67. b6 Rb4 68. Qc8+ Kd5 69. b7 Rb3+ 70. Kd2 Kd4 71. b8=Q Rxb8 1-0

[Event "*** Titled Tuesday Blitz"]
[Site "Chess.com"]
[Date "2020.04.07"]
[Round "1"]
[White "SONOFHOLYGOD"]
[Black "willc-h99"]
[Result "1-0"]
[WhiteElo "2584"]
[BlackElo "2235"]
[TimeControl "180+1"]
[EndTime "13:08:11 PDT"]
[Termination "SONOFHOLYGOD won on time"]

1. d4 Nf6 2. Nf3 e6 3. Bf4 b6 4. e3 Bb7 5. Nbd2 Be7 6. Be2 c5 7. h3 O-O 8. c3 cxd4 9. exd4 d6 10. O-O a6 11. Re1 Nbd7 12. Bd3 Re8 13. Ng5 Bf8 14. Qc2 g6 15. Nge4 Nxe4 16. Nxe4 e5 17. dxe5 dxe5 18. Bg5 f6 19. Bh4 b5 20. a4 Qb6 21. Rad1 Bg7 22. axb5 axb5 23. Qb3+ Kh8 24. Qxb5 Bxe4 25. Rxe4 Red8 26. Ree1 Rab8 27. Qxb6 Rxb6 28. b4 Rc8 29. Bf1 Nf8 30. Re3 f5 31. Be7 Ne6 32. c4 e4 33.
b5 Bd4 34. Ree1 Kg7 35. Bb4 Bc5 36. Bc3+ Kh6 37. g3 Ng5 38. Kg2 Nf3 39. Re2 Ra8 40.
Rb2 Ra3 41. Bf6 Rxf6 42. h4 Ne5 43. Rd5 Nd3 44. Bxd3 Bxf2 45. Kxf2 Rxd3 46. Rxd3 exd3 47. Ke3 Rd6 48. Kd2 g5 49. hxg5+ Kxg5 50. b6 Rg6 51. b7 1-0

[Event "*** Titled Tuesday Blitz"]
[Site "Chess.com"]
[Date "2020.04.07"]
[Round "1"]
[White "moro182"]
[Black "MilanovicDan"]
[Result "1-0"]
[WhiteElo "2680"]
[BlackElo "2337"]
[TimeControl "180+1"]
[EndTime "13:08:12 PDT"]
[Termination "moro182 won on time"]

1. d4 Nf6 2. c4 c5 3. Nf3 cxd4 4.
Nxd4 b6 5. f3 Bb7 6. e4 d6 7.
Nc3 a6 8. Be3 e6 9. Be2 Be7 10.
O-O O-O 11. Qd2 Qc7 12. Rfc1 Rc8 13. Rab1 Qd8 14. b4 Nbd7 15. Nb3 Rab8 16. Bf1 Ne5 17.
Na4 Bc6 18. b5 Be8 19. Nd4 a5 20. Be2 Qc7 21. Bf2 Bf8 22. Qe3 Ned7 23. f4 Nc5 24. Nc3 e5 25. Nf5 Bd7 26. fxe5 dxe5 27. Rd1 Nfxe4 28.
Nh6+ gxh6 29. Nxe4 Nxe4 30. Qxe4 Be6 31. Rbc1 f5 32. Qh4 Qe7 33. Qg3+ Qg7 34. Qe3 Qf6 35. Kh1 Kh8 36. Bf3 Bc5 37. Qe1 e4 38. Be2 Bf7 39. Bh4 Qg6 40. Rd7 Kg8 41. Rcd1 Re8 42. Bg3 Rbc8 43.
Rb7 Be6 44. Qf1 Rcd8 45. Bh4 Rxd1 46. Qxd1 f4 47. Bh5 Qf5 48. Bxe8 f3 49. Qf1 Qe5 50.
Bc6 Kf8 51. gxf3 1-0

[Event "*** Titled Tuesday Blitz"]
[Site "Chess.com"]
[Date "2020.04.07"]
[Round "1"]
[White "Chessterra87"]
[Black "TastyTablet"]
[Result "1-0"]
[WhiteElo "2297"]
[BlackElo "2599"]
[TimeControl "180+1"]
[EndTime "13:08:13 PDT"]
[Termination "Chessterra87 won by resignation"]

1. e4 e6 2. d4 d5 3. e5 c5 4. c3 Nc6 5. Nf3 Bd7 6. a3 c4 7.
Nbd2 Na5 8. Rb1 Qb6 9. g3 O-O-O 10. b3 Nxb3 11. Nxb3 cxb3 12. Qxb3 Qxb3 13. Rxb3 Ne7 14.
Bd3 Nc6 15. Bg5 Re8 16. Ke2 h6 17. Bd2 Na5 18. Rb2 b6 19. Ra1 Kb7 20. a4 Be7 21. c4 dxc4 22. Bxa5 cxd3+ 23. Kxd3 Rc8 24. Bd2 Bc6 25. Ke3 Rhd8 26. Bb4 Rc7 27. Bxe7 Rxe7 28. Nd2 Red7 29. Nb3 Bd5 30. Nc5+ Kc6 31. Nxd7 Rxd7 32. a5 b5 33. Rc1+ Bc4 34. Rb4 f6 35.
f4 fxe5 36. fxe5 Rf7 37. Rcxc4+ bxc4 38. Rxc4+ Kd7 39. Rb4 Kc7 40. a6 Kc6 41. Rb8 g5 42. Ke4 Rc7 43. Re8 Kd7 44. Rh8 Rc1 45. Rh7+ Kc6 46.
Rxa7 Re1+ 47. Kf3 h5 48. h4 gxh4 49. gxh4 Rh1 50. Re7 Kd5 51. Rd7+ Kc4 52. a7 Ra1 53. Ke4 Re1+ 54. Kf3 Ra1 55. Ke4 Re1+ 56. Kf4 Rg1 57. a8=Q Rg4+ 58. Kf3 1-0

[Event "*** Titled Tuesday Blitz"]
[Site "Chess.com"]
[Date "2020.04.07"]
[Round "1"]
[White "grzechu96"]
[Black "Martins-BR"]
[Result "0-1"]
[WhiteElo "2593"]
[BlackElo "2290"]
[TimeControl "180+1"]
[EndTime "13:08:13 PDT"]
[Termination "Martins-BR won by resignation"]

1. e4 c5 2. Nf3 e6 3. d4 cxd4 4. Nxd4 Nc6 5. Nc3 Qc7 6. g3 a6 7. Bg2 d6 8. Nxc6 bxc6 9. O-O Bd7 10. b3 Nf6 11. Bb2 Be7 12. Qe2 e5 13. Nd1 a5 14. a4 O-O 15. Ne3 Rfe8 16. Rfd1 h6 17. h3 Bf8 18. Rd2 Be6 19. Rad1 Qc8 20.
Nc4 Bxh3 21. Nb6 Qe6 22. Nxa8 Rxa8 23. Bc3 h5 24. Rd3 c5 25. Bxh3 Qxh3 26. Rf3 Ng4 27. Qc4 Ra7 28. Bxa5 h4 29. Bd8 Qh2+ 30. Kf1 h3 31. Bb6 Rb7 32. a5 Qg2+ 33. Ke2 h2 34. a6 Rd7 35. a7 d5 36. exd5 e4 37. Qxe4 Nxf2 38. Rxf2 Qxe4+ 39. Kd2 h1=Q 40. Rxh1 Qxh1 41. a8=Q Rxd5+ 42. Kc3 Rd3+ 43. cxd3 Qxa8 44. Rf5 Qc8 45. Rd5 Qc6 46. Rd8 Qxb6 47. Rc8 Qb4+ 48. Kc2 Qg4 49.
Rc6 Qxg3 50. Kc3 Qf2 51. Rc7 Qd4+ 52. Kc2 g5 0-1

[Event "*** Titled Tuesday Blitz"]
[Site "Chess.com"]
[Date "2020.04.07"]
[Round "1"]
[White "csati17"]
[Black "mishanick"]
[Result "0-1"]
[WhiteElo "2489"]
[BlackElo "3021"]
[TimeControl "180+1"]
[EndTime "13:08:14 PDT"]
[Termination "mishanick won by resignation"]

1. c4 e5 2. g3 Nf6 3. Bg2 Nc6 4. Nc3 Bb4 5. Nd5 O-O 6. Nxb4 Nxb4 7. d3 h6 8. Nf3 Re8 9. O-O d6 10. a3 Nc6 11. b4 e4 12. dxe4 Nxe4 13. Bb2 Bf5 14. Nd4 Bd7 15. Nxc6 bxc6 16. Qd4 Nf6 17. e3 Qe7 18. Qh4 Ne4 19. Qxe7 Rxe7 20. Rfd1 Rb8 21. Rab1 Bf5 22. Ba1 Ng5 23. Rbc1 Be4 24. Bxe4 Nxe4 25. f3 Ng5 26. Kf2 f5 27. h4 Ne6 28. h5 Kf7 29.
b5 cxb5 30. Rd5 Nc5 31. cxb5 Rxb5 32. Rc2 Ke6 33. Rd1 a5 34. Bd4 Nb3 35. Bc3 a4 36. Re2 c5 37. e4 Kf7 38. exf5 Rxe2+ 39. Kxe2 Rb6 40. g4 Rc6 41. f4 c4 42. g5 Nc5 43.
g6+ Kf8 44. Kf3 Nd7 45. Rb1 d5 46. Rb7 Ke8 47. Bxg7 c3 48. f6 c2 49. f7+ Kd8 50.
Rxd7+ Kxd7 51. f8=Q c1=Q 52. Qf7+ Kc8 53. Qf8+ Kb7 54. Qb4+ Rb6 55. Qxa4 Qf1+ 56. Kg4 Qg2+ 57. Kf5 Qh3+ 58. Ke5 Qe6+ 59. Kd4 Qe4+ 60. Kc5 Qxa4 0-1

[Event "*** Titled Tuesday Blitz"]
[Site "Chess.com"]
[Date "2020.04.07"]
[Round "1"]
[White "Noukii"]
[Black "WPWPWP-2015"]
[Result "1-0"]
[WhiteElo "2742"]
[BlackElo "2394"]
[TimeControl "180+1"]
[EndTime "13:08:14 PDT"]
[Termination "Noukii won by resignation"]

1. d4 d5 2. Nf3 Nf6 3. c4 c6 4.
Nc3 e6 5. Bg5 h6 6. Bxf6 Qxf6 7.
e3 Nd7 8. Bd3 Bd6 9. O-O O-O 10.
e4 dxe4 11. Nxe4 Qe7 12. Re1 Nf6 13. Nxd6 Qxd6 14. c5 Qc7 15. b4 a5 16. a3 axb4 17.
axb4 Rxa1 18. Qxa1 Nd5 19. Qb2 Bd7 20. Ne5 Rd8 21. Nc4 Ra8 22. Bb1 g6 23. Bc2 Qf4 24. g3 Qf3 25. Be4 Qc3 26. Qxc3 Nxc3 27. Nb6 Rd8 28.
Nc4 Nb5 29. Rd1 Be8 30. Bg2 Kf8 31. Na5 Nxd4 32. Kf1 Rd7 33. Nxb7 Rxb7 34. Rxd4 Ke7 35. Ke2 e5 36. Rc4 f5 37. Kd2 Bf7 38. Rh4 Rd7+ 39.
Kc3 h5 40. Bxc6 Rc7 41. Ba4 g5 42. Rc4 Ra7 43. Bb3 Ra1 44. b5 Bxc4 45. Bxc4 Rc1+ 46. Kb4 Rc2 47. b6 Kd8 48. c6 e4 49. c7+ Kd7 50. Bb5+ Kc8 51. Ba6+ Kd7 52. Bc4 f4 53. Be6+ Kxe6 54.
b7 Rb2+ 55. Kc5 Rxb7 56. c8=Q+ Rd7 57. Kc6 e3 58. Qxd7+ Ke5 59. Qd5+ Kf6 60. fxe3 f3 61. Qxf3+ 1-0

[Event "*** Titled Tuesday Blitz"]
[Site "Chess.com"]
[Date "2020.04.07"]
[Round "1"]
[White "sergeikim"]
[Black "Elshan1985"]
[Result "0-1"]
[WhiteElo "2358"]
[BlackElo "2701"]
[TimeControl "180+1"]
[EndTime "13:08:14 PDT"]
[Termination "Elshan1985 won on time"]

1. d4 e6 2. c4 Bb4+ 3. Nd2 Nf6 4. g3 Nc6 5. Nf3 O-O 6. Bg2 d6 7. O-O e5 8. d5 Nb8 9. a3 Bc5 10. b4 Bb6 11. Bb2 a5 12. Qc2 Nbd7 13. Nb3 a4 14. Nbd2 Re8 15. e4 c5 16. Nh4 Nf8 17. Kh1 Ng4 18. h3 Nh6 19. Bc3 Bd7 20. Rae1 Qc8 21. Kh2 g5 22. Nhf3 g4 23. Ng1 cxb4 24. axb4 Ng6 25.
h4 Qd8 26. Ne2 Rc8 27. Qd3 f5 28. exf5 Bxf5 29. Ne4 Rf8 30. Kg1 Qc7 31. Bd2 Qg7 32. Rc1 Nf7 33. Be3 Bxe3 34. Qxe3 Bxe4 35. Bxe4 Qh6 36. Qxh6 Nxh6 37. c5 Nf7 38. c6 bxc6 39. dxc6 Ne7 40. b5 d5 41. Bg2 Nd6 42. Nc3 d4 43.
Nd5 Nef5 44. b6 Rf7 45. c7 a3 46. Ra1 Nc4 47. Rfc1 Nfd6 48. Bf1 Nxb6 49. Nxb6 Rcxc7 50. Rxc7 Rxc7 51. Rxa3 Rc1 52. Nd5 Ne4 53. Kg2 Nd2 54. Bd3 Nf3 55. Nf6+ Kf7 56. Nxg4 Ne1+ 57. Kh2 Nxd3 0-1

[Event "*** Titled Tuesday Blitz"]
[Site "Chess.com"]
[Date "2020.04.07"]
[Round "1"]
[White "joksijoksi"]
[Black "NIGWAPO"]
[Result "1-0"]
[WhiteElo "2272"]
[BlackElo "2580"]
[TimeControl "180+1"]
[EndTime "13:08:14 PDT"]
[Termination "joksijoksi won by resignation"]

1. e4 c5 2. Nc3 Nc6 3. Bb5 Nd4 4. Nf3 Nxb5 5. Nxb5 a6 6. Nc3 d6 7. d4 cxd4 8. Qxd4 Nf6 9. Bg5 e6 10. O-O Be7 11. Rfd1 Qc7 12. Nd2 b5 13. a4 e5 14.
Qd3 b4 15. Bxf6 gxf6 16. Nd5 Qb7 17. Nc4 Be6 18. Nxf6+ Kf8 19. Nd5 Rd8 20. Qf3 Rg8 21.
h3 Qc8 22. Ncb6 Qc5 23. c3 b3 24. Qh5 Rg7 25. Qh6 Bg5 26. Qh5 Rb8 27. a5 Bd8 28. h4 Kg8 29. Ne3 Bxb6 30. axb6 Rxb6 31. Nf5 Bxf5 32.
Qxf5 h6 33. Rd5 Qc4 34. Rad1 Qc7 35. R5d3 Qe7 36. Qc8+ Kh7 37. Qf5+ Kg8 38. Qc8+ Qf8 39. Qc7 Qb8 40. Qxb8+ Rxb8 41. Rxd6 Rg4 42. f3 Rxh4 43. Rxa6 Kg7 44. Rdd6 Rh5 45. Rab6 Ra8 46. Rxb3 Ra1+ 47. Kf2 Rc1 48. Rb7 Rc2+ 49. Ke3 Rg5 50. Rdd7 Rgxg2 51. Rxf7+ Kg8 52. Kd3 Rgd2+ 53. Kc4 Rxb2 54. Rxb2 Rxb2 55. Rf5 Rf2 56. Kd5 Rc2 57. c4 Rc3 58. c5 Kg7 59.
c6 Kg6 60. Kd6 h5 61. c7 h4 62.
Rf8 h3 63. c8=Q Rxc8 64. Rxc8 Kg5 65. Rh8 1-0